 Dungeon Crawl Stone Soup version 0.30.1-3-gfc49f6343a (webtiles) character file.

Game seed: 1194884104562235519

1223 GeoRichter the Skirmisher (level 8, -8/44 HPs)
             Began as a Deep Elf Hexslinger on July 27, 2023.
             Mangled by an ogre
             ... wielding a +0 giant spiked club
              (18 damage)
             ... on level 6 of the Dungeon.
             The game lasted 00:12:29 (5617 turns).

GeoRichter the Skirmisher (Deep Elf Hexslinger)     Turns: 5617, Time: 00:12:30

Health: -8/44      AC:  4    Str:  7    XL:     8   Next: 23%
Magic:  15/15      EV: 13    Int: 19    God:
Gold:   632        SH:  0    Dex: 17    Spells: 6/14 levels left

rFire   . . .        a - +1 sling
rCold   . . .        (no shield)
rNeg    . . .        c - +0 robe
rPois   +            u - +1 hat
rElec   .            (no cloak)
rCorr   .            (no gloves)
SInv    .            t - +0 pair of boots
Will    .....        C - amulet of regeneration
Stlth   ++           f - ring of poison resistance
HPRegen 1.07/turn    (no ring)
MPRegen 0.14/turn

%: no passive effects
@: no status effects
A: no striking features
a: no special abilities


You were on level 6 of the Dungeon.
You visited 1 branch of the dungeon, and saw 6 of its levels.
You also visited: Ossuary.

You collected 632 gold pieces.

Inventory:

Hand Weapons
 a - a +1 sling (weapon)
Missiles
 B - a throwing net {!f}
Armour
 c - a +0 robe (worn)
 t - a +0 pair of boots (worn)
   (You found it on level 3 of the Dungeon)
 u - a +1 hat (worn)
   (You found it on level 3 of the Dungeon)
Jewellery
 f - a ring of poison resistance (left hand)
   (You found it on level 1 of the Dungeon)
 h - an amulet of magic regeneration
   (You found it on level 5 of the Dungeon)
 C - an amulet of regeneration (around neck)
   (You found it on level 5 of the Dungeon)
Wands
 D - a wand of charming (3)
   (You took it off Ijyb on level 5 of the Dungeon)
Scrolls
 b - 2 scrolls of poison {!r}
 d - 2 scrolls of vulnerability {!r}
 e - a scroll of identify {@r1}
 g - a scroll of enchant weapon {unknown}
 k - 2 scrolls of fog {unknown}
 m - 2 scrolls of teleportation {unknown}
 n - a scroll of enchant armour {unknown}
 r - a scroll of silence
 s - 2 scrolls of immolation {unknown}
 w - a scroll of torment {unknown}
 y - 2 scrolls of butterflies {unknown}
 A - 2 scrolls of blinking {unknown}
 F - a scroll of fear {unknown}
 G - a scroll of magic mapping {unknown}
Potions
 i - a potion of mutation {unknown}
 j - 6 potions of brilliance
 l - 5 potions of might
 o - 3 potions of haste {unknown}
 p - a potion of heal wounds {unknown}
 q - a potion of lignification {!q}
 v - 5 potions of curing {@q1}
 x - a potion of ambrosia {unknown}
 z - 2 potions of attraction {!q}
 E - a potion of berserk rage {unknown}


   Skills:
 + Level 2.0 Fighting
 * Level 10.0 Ranged Weapons
 + Level 3.7 Dodging
 - Level 3.6 Spellcasting
 + Level 7.1 Hexes
 - Level 2.0 Translocations


You had 6 spell levels left.
You knew the following spells:

 Your Spells              Type           Power      Damage    Failure   Level
a - Slow                  Hex            100%       N/A       1%          1
b - Portal Projectile     Hex/Tloc       40%        N/A       7%          3
c - Cause Fear            Hex            15%        N/A       8%          4

Your spell library contained the following spells:

 Spells                   Type           Power      Damage    Failure   Level
 Confusing Touch          Hex            30%        N/A       2%          3
 Dazzling Flash           Conj/Hex       34%        N/A       10%         3
 Inner Flame              Hex/Fire       17%        N/A       10%         3
 Freeze                   Ice            12%        1d3       14%         1
 Kiss of Death            Conj/Necr      12%        2d6       14%         1
 Gell's Gravitas          Tloc           11%        N/A       19%         3
 Teleport Other           Tloc           11%        N/A       19%         3
 Frozen Ramparts          Ice            6%         1d1       41%         3
 Hailstorm                Conj/Ice       3%         3d3       41%         3
 Silence                  Hex/Air        8%         N/A       67%         5
 Dispel Undead            Necr           3%         3d7       82%         4
 Agony                    Necr           3%         N/A       99%         5
 Dispersal                Tloc           5%         N/A       100%        6


Dungeon Overview and Level Annotations

Branches:
Dungeon (6/15) Zot: 25937 Ossuary (visited)
 Temple: D:4-7

Altars:
Makhleb
Vehumet


Message History

Aim: a black bear (almost dead, berserk, 70% to hit)
You shoot a sling bullet.
The sling bullet barely misses the black bear.
The black bear completely misses you. The black bear claws you. x2
The black bear bites you.
* * * LOW HITPOINT WARNING * * *
The black bear misses you.
The black bear claws you but does no damage.
Fire: a) +1 sling
Press: ? - help, Q - select action, (/) - cycle Shift-Dir - straight line, f/p - black bear
Aim: a black bear (almost dead, berserk, 70% to hit)
You shoot a sling bullet. The sling bullet hits the black bear!
You kill the black bear!
Your Fighting skill increases to level 2!
Your Ranged Weapons skill increases to level 10!
Unknown command.
Welcome back, GeoRichter the Deep Elf Hexslinger.
Press ? for a list of commands and other information.
HP restored.
Magic restored.
Done exploring.
There is a stone staircase leading down here.
You climb downwards.
Found a scroll of poison.
There is a stone staircase leading up here.
No target in view!
Fire: a) +1 sling
Press: ? - help, Q - select action, (/) - cycle Shift-Dir - straight line, f - you
Okay, then.
b - 2 scrolls of poison {!r} (gained 1)
The centaur shouts!
You hear a shout!
The centaur shoots an arrow.
The arrow completely misses you.
The centaur shoots an arrow.
The arrow hits you!
The centaur shoots an arrow.
The arrow closely misses you.
The centaur shoots an arrow.
The arrow misses you.
The centaur shoots an arrow.
The arrow hits you!
Okay, then.
The centaur shoots an arrow.
The arrow hits you!
* * * LOW HITPOINT WARNING * * *
The centaur shoots an arrow.
The arrow hits you.
* * * LOW HITPOINT WARNING * * *
You feel better.
The centaur shoots an arrow.
The arrow hits you!
* * * LOW HITPOINT WARNING * * *
The centaur shoots an arrow.
The arrow barely misses you.
The centaur unwields a +0 shortbow.
The centaur hits you.
* * * LOW HITPOINT WARNING * * *
The centaur kicks you but does no damage.
The ogre attacks as you move away!
The ogre hits you with a +0 giant spiked club!!
You die...

.........###...................#
..........##..................#
.........##...................#
#.##...#.................<....#
.......#......#.............###
........<..#..##...#......#.#
.......#.###...##..#......###
.###...#........c...........# #
##..........O@..........##
#.........##..........##
......#...#......#...##
...O##..........#..##
.....#.........##### ##.......##
##.##...# ## ##..# ####


You could see an ogre and a centaur.

Vanquished Creatures
  Grinder (D:4)
  2 black bears (D:5)
  A phantom (D:5)
  A bullfrog (D:6)
  A scorpion (D:5)
  A crimson imp (D:6)
  2 jellies
  2 hounds
  4 iguanas
  2 sleepcaps (D:5)
  Ijyb (D:5)
  9 mummies
  3 gnolls (D:4)
  5 adders
  2 ufetubi (D:5)
  7 worms
  2 dart slugs (D:1)
  9 orcs
  11 ball pythons
  4 bats (D:1)
  5 endoplasms
  A giant cockroach (D:1)
  9 goblins
  3 hobgoblins
  5 jackals (D:5)
  7 kobolds
  3 quokkas
  5 frilled lizards
  3 gnoll zombies (Ossuary)
  2 hobgoblin zombies (Ossuary)
  2 kobold zombies (Ossuary)
  An orc zombie (Ossuary)
  7 rats
123 creatures vanquished.

Notes
Turn   | Place    | Note
-------+----------+-------------------------------------------
     0 | D:1      | GeoRichter the Deep Elf Hexslinger began the quest for the
                  | Orb.
     0 | D:1      | Reached XP level 1. HP: 11/11 MP: 5/5
    64 | D:1      | Reached skill level 3 in Ranged Weapons
   181 | D:1      | Reached XP level 2. HP: 16/16 MP: 6/6
   240 | D:1      | Found a faded altar of an unknown god.
   254 | D:1      | Reached skill level 4 in Ranged Weapons
   512 | D:1      | Reached XP level 3. HP: 20/20 MP: 7/7
  1629 | D:2      | Learned a level 3 spell: Portal Projectile
  1668 | D:3      | Reached skill level 5 in Ranged Weapons
  1687 | D:3      | Reached XP level 4. HP: 24/24 MP: 8/8
  2540 | D:4      | Reached skill level 1 in Translocations
  2607 | D:4      | Reached skill level 6 in Ranged Weapons
  2607 | D:4      | Reached XP level 5. HP: 28/28 MP: 9/9
  2689 | D:4      | Found a sand-covered staircase.
  2747 | Ossuary  | Entered an ossuary
  2816 | Ossuary  | Reached skill level 5 in Hexes
  2891 | Ossuary  | Reached skill level 7 in Ranged Weapons
  2914 | Ossuary  | Reached XP level 6. HP: 33/33 MP: 10/10
  3716 | D:4      | Noticed Grinder
  3717 | D:4      | Paralysed by Grinder for 4 turns
  3725 | D:4      | Paralysed by Grinder for 2 turns
  3730 | D:4      | Paralysed by Grinder for 5 turns
  3745 | D:4      | Killed Grinder
  3746 | D:4      | Reached skill level 8 in Ranged Weapons
  3746 | D:4      | Reached XP level 7. HP: 37/37 MP: 2/13
  3970 | D:5      | Entered Level 5 of the Dungeon
  4421 | D:5      | Reached skill level 9 in Ranged Weapons
  4426 | D:5      | Learned a level 4 spell: Cause Fear
  4546 | D:5      | You fall into a shaft and drop 1 floor!
  4563 | D:6      | Found a radiant altar of Vehumet.
  4573 | D:6      | Found a burning altar of Makhleb.
  4695 | D:5      | Reached skill level 1 in Fighting
  4934 | D:5      | Noticed Ijyb
  4968 | D:5      | Killed Ijyb
  4992 | D:5      | Reached XP level 8. HP: 26/43 MP: 7/15
  5489 | D:5      | Reached skill level 10 in Ranged Weapons
  5617 | D:6      | Mangled by an ogre

Illustrated notes

Levels and vault maps discovered:
D:1:      dpeg_arrival_brainrot, layout_basic, nicolae_ecumenical_snake_handling
D:2:      layout_rooms, minmay_tromino_mix6
D:3:      layout_basic
D:4:      layout_basic, gup_ossuary_entry_pyramid, small_statue_alley_b,
          uniq_grinder
D:5:      layout_basic, minmay_fractal_squares_diagonal_5, uniq_ijyb
D:6:      layout_cave_pools, mainiacjoe_overflow_paths,
          grunt_temple_overflow_lords_of_destruction,
          minmay_temple_entry_butterflies, serial_shops, shop,
          ebering_ghost_disaster_area

Skill      XL: |  1  2  3  4  5  6  7  8 |
---------------+-------------------------+-----
Ranged Weapons | 3 4 5 6 7 8 9 10 | 10.0
Translocations | 1 2 |  2.0
Hexes          | 5 6 7 |  7.1
Spellcasting   | 3 |  3.6
Fighting       | 1 2 |  2.0
Dodging        | 3 |  3.7

Action                     |  1- 3 |  4- 6 |  7- 9 || total
---------------------------+-------+-------+-------++-------
  Melee: Unarmed           |       |     4 |    20 ||    24
         Punch             |       |     1 |     1 ||     2
   Fire: Sling             |   149 |   246 |   179 ||   574
   Cast: Slow              |     4 |    15 |     5 ||    24
         Portal Projectile |       |     5 |    10 ||    15
         Cause Fear        |       |       |     1 ||     1
    Use: Scroll            |       |     9 |       ||     9
         Potion            |       |     2 |     3 ||     5
 Armour: Robe              |     9 |    10 |    28 ||    47
         Skin              |       |     5 |    29 ||    34
  Dodge: Dodged            |    19 |    38 |    93 ||   150
